 Dungeon Crawl Stone Soup version 0.25-a0-185-g6cfeca7 (webtiles) character file.

Game seed: 11793359202323937267, levelgen mode: deterministic

132005 sauken the Severer (level 17, -3/169 HPs)
             Began as a Hill Orc Monk on Nov 29, 2019.
             Was the Champion of Beogh.
             Slain by a shard shrike (shapeshifter) (7 damage)
             ... on level 14 of the Dungeon.
             The game lasted 01:19:55 (29764 turns).

sauken the Severer (Hill Orc Monk)                 Turns: 29764, Time: 01:19:55

Health: -3/169     AC: 21    Str: 32    XL:     17   Next: 11%
Magic:  14/22      EV: 17    Int: 14    God:    Beogh [******]
Gold:   177        SH:  6    Dex: 20    Spells: 13/23 levels left

rFire    . . .     SeeInvis .   F - +8 broad axe of the Jester {chaos, +Inv}
rCold    . . .     Gourm    .   o - +0 buckler
rNeg     . . .     Faith    .   Q - +5 scale mail of Creativity {rElec Str+4}
rPois    +         Spirit   .   V - +1 hat of the Wasteland {*Drain rPois Str+3 Dex+4}
rElec    +         Reflect  .   q - scarf {repulsion}
rCorr    .         Harm     .   k - +2 pair of gloves
MR       +....                  R - +2 pair of boots of Zodimaf {+Fly Str+4}
Stlth    +.........             (no amulet)
HPRegen  0.38/turn              Z - +3 ring of dexterity
MPRegen  0.18/turn              D - +4 ring of intelligence

@: repel missiles
A: walk on water, horns 1, sense surroundings 1, robust 1, subdued magic 1
a: Smiting, Recall Orcish Followers, Give Item to Named Follower, Resurrection,
Renounce Religion, Evoke Invisibility, Evoke Flight


You were on level 14 of the Dungeon.
You worshipped Beogh.
Beogh was exalted by your worship.
You were not hungry.

You visited 4 branches of the dungeon, and saw 23 of its levels.
You visited 1 bazaar.
You also visited: Bailey, Gauntlet and Ice Cave.

You collected 2813 gold pieces.
You spent 2636 gold pieces at shops.

Inventory:

Hand Weapons
 E - a +2 scimitar of flaming
   (You took it off Erica on level 1 of the Lair of Beasts)
 F - the +8 broad axe of the Jester (weapon) {chaos, +Inv}
   (You found it on level 6 of the Dungeon)

   Each time it hits an enemy it has a different, random effect.
   It lets you turn invisible.
Missiles
 r - 28 javelins
 w - 26 silver javelins (quivered)
 I - 8 throwing nets {=f, !d}
 O - 15 curare-tipped darts
Armour
 k - a +2 pair of gloves (worn)
   (You found it on level 5 of the Lair of Beasts)
 o - a +0 buckler (worn)
   (You found it on level 2 of the Dungeon)
 q - a scarf of repulsion (worn)
   (You bought it in a shop in a bazaar)
 y - the +4 ring mail "Fypsius" {rF++ Dex+4 Stlth-}
   (You found it on level 5 of the Dungeon)

   It affects your dexterity (+4).
   It greatly protects you from fire.
   It makes you less stealthy.
 Q - the +5 scale mail of Creativity (worn) {rElec Str+4}
   (You bought it in a shop on level 8 of the Dungeon)

   It affects your strength (+4).
   It insulates you from electricity.
 R - the +2 pair of boots of Zodimaf (worn) {+Fly Str+4}
   (You found it on level 4 of the Lair of Beasts)

   It affects your strength (+4).
   It lets you fly.
 V - the +1 hat of the Wasteland (worn) {*Drain rPois Str+3 Dex+4}
   (You found it in a Gauntlet)

   It affects your strength (+3).
   It affects your dexterity (+4).
   It protects you from poison.
   It causes draining when unequipped.
 X - a +2 cloak of magic resistance
   (You bought it in a shop on level 8 of the Dungeon)
Jewellery
 a - an uncursed ring of protection from fire {rF+, !d}
   (You found it on level 2 of the Lair of Beasts)
 e - an uncursed ring of protection from cold {rC+, !d}
   (You found it in an ice cave)
 j - a +3 ring of dexterity
   (You found it on level 1 of the Dungeon)
 z - an uncursed ring of resist corrosion
   (You found it on level 4 of the Lair of Beasts)
 D - a +4 ring of intelligence (right hand)
   (You found it on level 5 of the Lair of Beasts)
 Z - a +3 ring of dexterity (left hand)
   (You found it on level 4 of the Lair of Beasts)
Wands
 v - a wand of iceblast (21)
   (You found it on level 4 of the Dungeon)
 x - a wand of clouds (7)
   (You found it in an ice cave)
 A - a wand of scattershot (9)
   (You found it in an ice cave)
 L - a wand of acid (35)
   (You found it on level 9 of the Dungeon)
 N - a wand of paralysis (1)
   (You found it on level 9 of the Dungeon)
 W - a wand of enslavement (12)
   (You found it on level 13 of the Dungeon)
Scrolls
 d - 7 scrolls of teleportation
 f - 3 scrolls of fog
 g - 11 scrolls of remove curse
 m - 2 scrolls of immolation {!r}
 n - 3 scrolls of identify
 p - 5 scrolls of enchant armour
 H - 3 scrolls of magic mapping {!r}
 S - 7 scrolls of blinking {!r}
Potions
 b - 2 potions of magic {unknown}
 i - 3 potions of heal wounds
 l - 5 potions of haste
 s - 2 potions of lignification {!q}
 t - 5 potions of curing
 u - 2 potions of berserk rage {!q}
 B - 5 potions of brilliance
 C - a potion of cancellation
 G - 2 potions of mutation {!q}
 K - 3 potions of resistance
 M - 2 potions of ambrosia
 P - 2 potions of agility
 T - a potion of invisibility {unknown}
 Y - 3 potions of might
Miscellaneous
 h - a box of beasts
 J - a sack of spiders
 U - a phial of floods
   (You found it in an ice cave)
Comestibles
 c - 22 rations


   Skills:
 - Level 14.9 Fighting
 - Level 7.7 Long Blades
 - Level 18.5 Axes
 - Level 12.5 Throwing
 - Level 10.1 Armour
 - Level 8.1 Dodging
 - Level 1.5 Stealth
 + Level 7.1 Shields
 + Level 3.8 Spellcasting
 + Level 4.2 Translocations
 - Level 7.1 Invocations
 - Level 4.5 Evocations


You had 13 spell levels left.
You knew the following spells:

 Your Spells              Type           Power        Failure   Level  Hunger
a - Lesser Beckoning      Tloc           ##........   16%         3    ###....
b - Blink                 Tloc           N/A          7%          2    ##.....
c - Gell's Gravitas       Tloc           ##........   16%         3    ###....
s - Shroud of Golubria    Chrm/Tloc      #.....       19%         2    ##.....

Your spell library contained the following spells:

 Spells                   Type           Power        Failure   Level  Hunger
 Teleport Other           Tloc           ##......     16%         3    ###....
 Animate Skeleton         Necr           N/A          30%         1    None
 Confusing Touch          Hex            #.....       30%         1    None
 Flame Tongue             Conj/Fire      #....        30%         1    None
 Infusion                 Chrm           #...         30%         1    None
 Magic Dart               Conj           #...         30%         1    None
 Pain                     Necr           #...         30%         1    None
 Call Imp                 Summ           #.......     41%         2    ##.....
 Slow                     Hex            #.......     41%         2    ##.....
 Song of Slaying          Chrm           #.......     41%         2    ##.....
 Throw Flame              Conj/Fire      #.....       41%         2    ##.....
 Passage of Golubria      Tloc           N/A          47%         4    ####...
 Confuse                  Hex            #.......     67%         3    ###....
 Conjure Flame            Conj/Fire      #.......     67%         3    ###....
 Inner Flame              Hex/Fire       #.......     67%         3    ###....
 Mephitic Cloud           Conj/Pois/Air  #.......     67%         3    ###....
 Regeneration             Chrm/Necr      #.........   67%         3    ###....
 Spectral Weapon          Hex/Chrm       #.......     67%         3    ###....
 Vampiric Draining        Necr           #.........   67%         3    ###....
 Animate Dead             Necr           N/A          97%         4    ####...
 Petrify                  Tmut/Erth      #.......     97%         4    ####...
 Sticky Flame             Conj/Fire      #.......     97%         4    ####...
 Bolt of Magma            Conj/Fire/Erth #.........   100%        5    ######.
 Fireball                 Conj/Fire      #.........   100%        5    ######.
 Metabolic Englaciation   Hex/Ice        #.........   100%        5    ######.
 Summon Mana Viper        Hex/Summ       #.......     100%        5    ######.
 Yara's Violent Unravell  Hex/Tmut       #.........   100%        5    ######.
 Dispersal                Tloc           ##........   100%        6    #######


Dungeon Overview and Level Annotations

Branches:
Dungeon (14/15)            Temple (1/1) D:6            Lair (6/6) D:10
 Shoals (0/4) Lair:2        Snake (0/4) Lair:3        Slime (0/5) Lair:5
    Orc (2/2) D:9             Elf (0/3) Orc:2        Vaults (0/5) D:13
 Bailey (visited)           IceCv (visited)         Gauntlet (visited)

Altars:
Ashenzari
Cheibriados
Dithmenos
Elyvilon
Fedhas
Gozag
Hepliaklqana
Kikubaaqudgha
Makhleb
Nemelex Xobeh
Okawaru
Qazlal
Ru
Sif Muna
Trog
Uskayaw
Vehumet
Wu Jian
Xom
Yredelemnul
Zin
The Shining One
Beogh

Shops:
D:5 *[%%   D:7 }   D:8 :?[   D:11 }   Orc:2 [!:!

Annotations:
Lair:1 exclusion: 2 oklob plants


Innate Abilities, Weirdness & Mutations

You can walk on water.
You have a pair of small horns on your head.
You passively map a small area around you.
You are robust. (+10% HP)
Your spells are a little easier to cast, but a little less powerful.


Message History

There is an open door here.
You swap places.
There is an open door here.
There is an open door here.
You open the door.
There is an open door here.
An iron giant comes into view.
An iron giant is nearby!
Here: an iron giant The floor.
Unknown command.
Unknown command.
The iron giant changes into a juggernaut!
Unknown command.
Throwing (i - inventory. (/) - cycle)
w - 29 silver javelins (quivered)
Aim: a juggernaut shaped shifter (chaotic)
You throw a silver javelin.
The silver javelin pierces through the juggernaut but does no damage.
The silver sears the juggernaut!
Throwing (i - inventory. (/) - cycle)
w - 28 silver javelins (quivered)
Aim: a juggernaut shaped shifter (chaotic)
You throw a silver javelin.
The silver javelin pierces through the juggernaut!
The silver sears the juggernaut!
Korbok unwields the +8 trident of the Octopus King {venom, rElec rPois MR+}.
It stops dripping with poison.
Korbok wields a +0 arbalest.
Korbok shoots a bolt.
The bolt hits the juggernaut but does no damage.
Throwing (i - inventory. (/) - cycle)
w - 27 silver javelins (quivered)
Aim: a juggernaut shaped shifter (lightly wounded, chaotic)
You throw a silver javelin.
The silver javelin pierces through the juggernaut!!
The silver sears the juggernaut!
Unknown command.
Unknown command.
You blink.
The juggernaut changes into a shard shrike!
Korbok unwields a +0 arbalest.
Korbok wields the +8 trident of the Octopus King {venom, rElec rPois MR+}.
It begins to drip with poison!
Korbok hits the shard shrike with the +8 trident of the Octopus King {venom, rElec rPois MR+}!
The shard shrike is poisoned.
You now have 20/22 mp.
You begin recalling your allies.
Korbok is recalled.
Dorog is recalled.
Your orc sorcerer is recalled.
You now have 18/22 mp.
Unknown command.
You stop recalling your allies.
The shard shrike spits a shard of ice at you.
The shard of ice hits your orc sorcerer!!
Korbok roars a battlecry!
Your orc sorcerers go into a battle-frenzy!
Unknown command.
Your orc sorcerer barely misses the shard shrike.
Korbok hits the shard shrike from afar with the +8 trident of the Octopus King {venom, rElec rPois MR+}!!
The shard shrike looks as sick as possible!
Dorog hits the shard shrike with a +0 dagger!
You slash the shard shrike!
Space bends around the shard shrike.
You headbutt the shard shrike! The shard shrike claws you!
The shard shrike freezes you!!!
The shard shrike claws you but does no damage.
Dorog misses the shard shrike.
Korbok misses the shard shrike.
You take 57 damage, and have 112/169 hp.
MASSIVE DAMAGE!!
You closely miss the shard shrike. Your headbutt misses the shard shrike.
The shard shrike claws you. The shard shrike freezes you!!!
You take 52 damage, and have 60/169 hp.
MASSIVE DAMAGE!!
Unknown command.
You blink.
The shard shrike claws your orc sorcerer.
The shard shrike freezes your orc sorcerer!!!
Your orc sorcerer dies!
Korbok hits the shard shrike from afar with the +8 trident of the Octopus King {venom, rElec rPois MR+}!
The shard shrike looks as sick as possible!
You now have 17/22 mp.
Okay, then.
Unknown command.
You create a blast of noxious fumes!
The shard shrike is engulfed in noxious fumes.
The shard shrike spits a shard of ice at you.
The shard of ice hits you!!!
* * * LOW HITPOINT WARNING * * *
The shard shrike is engulfed in noxious fumes.
Korbok unwields the +8 trident of the Octopus King {venom, rElec rPois MR+}.
It stops dripping with poison.
Korbok wields a +0 arbalest.
Korbok shoots a bolt.
The bolt closely misses the shard shrike.
You take 57 damage, and have 4/169 hp.
MASSIVE DAMAGE!!
Smite: a shard shrike shaped shifter (noxious fumes, severely wounded, extremely poisoned, catching its breath)
You smite the shard shrike!
The shard shrike is engulfed in noxious fumes. x3
The shard shrike claws you but does no damage.
Dorog is engulfed in noxious fumes.
The shard shrike is engulfed in noxious fumes.
The shard shrike claws you!
You die...

#.......+................#
######+##........(.[.....#
.........................#
.........................#
............§§...........#
............§§§..........#
............§§§..........#
............§§ob.........#
...........o.§§§@......<.#
.........................#
.........................#####
...............................
,
.........#......................
.........#####'###...(..........
.........#.......#..............
.........#.......#..............
.........#.......#....((........


You could see a shard shrike shaped shifter, the friendly Korbok the orc warlord
and the friendly Dorog the orc sorcerer.

Vanquished Creatures
  Rupert (Lair:3)
  A frost giant (IceCv)
  An orc warlord (Orc:2)
  A ghost moth (D:12)
  3 minotaurs
  A fire dragon (Lair:6)
  A catoblepas (Lair:4)
  Erica (Lair:1)
  A centaur warrior (D:13)
  5 hydras
  5 two-headed ogres
  7 vault guards (D:13)
  6 death yaks
  Sonja (Lair:4)
  A soul eater (Gauntlet)
  A fire crab (Gauntlet)
  2 unseen horrors
  A death drake (Gauntlet)
  Pikel (D:4)
  2 ugly things (D:11)
  3 oklob plants (Lair:5)
  3 orc sorcerers (Orc:2)
  A glowing shapeshifter (D:11)
  A spectral centaur (Gauntlet)
  2 manticores
  A cyclops (D:12)
  A centaur zombie (Gauntlet)
  A black mamba (Lair:3)
  2 ice statues
  Maurice (D:8)
  10 spiny frogs
  Psyche (D:9)
  4 rime drakes
  2 molten gargoyles (Lair:6)
  3 centaur skeletons
  3 komodo dragons
  8 yaktaurs (D:11)
  6 trolls
  15 polar bears (IceCv)
  A hornet (D:10)
  11 slime creatures
  9 hippogriffs
  9 blink frogs
  2 spectral meliai (Gauntlet)
  A water elemental (D:13)
  6 redbacks (D:12)
  A human (D:8)
  4 wyverns
  3 basilisks
  4 fire bats (Gauntlet)
  53 yaks
  2 steam dragons
  6 fire elementals
  6 hogs
  Eustachio (D:4)
  3 hungry ghosts
  4 wargs
  An acid dragon (D:13)
  3 nagas (Lair:3)
  4 water moccasins
  4 hell hounds
  6 orc warriors
  6 porcupines
  4 ice beasts
  2 sky beasts
  3 phantoms
  A black bear (D:11)
  20 wolves
  11 centaurs
  6 ogres
  7 crocodiles
  2 big kobolds
  13 bullfrogs
  8 gnoll sergeants (Bailey)
  2 scorpions
  11 killer bees
  6 electric eels
  3 wights (D:7)
  6 howler monkeys
  5 crimson imps
  3 lava snakes (Lair:6)
  A bullfrog zombie (D:13)
  2 wyvern simulacra (D:13)
  A quasit (D:12)
  A bullfrog skeleton (D:7)
  10 hounds
  Crazy Yiuf (D:2)
  3 orc priests
  6 gnoll shamans (Bailey)
  4 jellies
  12 orc wizards
  An iguana (D:10)
  Natasha (thrice) (D:3)
  9 worker ants
  A hound zombie (D:5)
  A hound skeleton (D:7)
  A worker ant zombie (D:11)
  A howler monkey skeleton (D:7)
  21 gnolls
  8 adders
  7 shadow imps
  12 white imps
  An ooze (D:1)
  A worm (D:2)
  5 dart slugs
  5 leopard geckos
  24 orcs
  7 bats
  8 giant cockroaches
  12 goblins
  10 hobgoblins
  17 jackals
  22 kobolds
  2 quokkas
  4 frilled lizards
  A giant cockroach zombie (D:5)
  A jackal zombie (D:5)
  A leopard gecko skeleton (D:7)
  A quokka skeleton (D:6)
  10 rats
  3 fungi
  4 plants
619 creatures vanquished.

Vanquished Creatures (collateral kills)
  Kirke (D:12)
  Azrael (Orc:2)
  An ettin (Orc:2)
  Erolcha (D:9)
  A vault guard (D:13)
  2 hydras (Lair:6)
  An ice dragon (Lair:4)
  4 death yaks
  2 ogre magi (Orc:2)
  A tengu warrior (D:13)
  Urug (Orc:2)
  A lindwurm (Lair:6)
  2 cyclopes
  A shining eye (D:12)
  A manticore (D:13)
  A black mamba (Lair:6)
  A centaur zombie (D:12)
  3 spiny frogs
  A yaktaur (D:11)
  5 komodo dragons (Lair:6)
  2 trolls
  A meliai (Lair:3)
  A polar bear (D:13)
  A hippogriff (Lair:6)
  2 slime creatures
  5 blink frogs
  A centaur simulacrum (D:13)
  2 redbacks (D:12)
  A wyvern (Lair:6)
  A water elemental (D:13)
  A yak (shapeshifter) (D:13)
  17 yaks
  2 basilisks (Lair:6)
  2 fire elementals (Orc:2)
  A hog (D:12)
  A steam dragon (Lair:6)
  A naga (Lair:3)
  5 water moccasins
  An orc warrior (Orc:2)
  2 porcupines
  A sky beast (D:14)
  An ogre (Orc:2)
  A phantom (D:13)
  A wolf (IceCv)
  2 centaurs (D:12)
  3 crocodiles (Lair:6)
  A big kobold (D:12)
  5 bullfrogs
  2 scorpions
  A killer bee (D:11)
  2 crimson imps (D:12)
  2 lava snakes (Lair:6)
  2 hounds (D:10)
  2 bullfrog zombies (D:13)
  2 orc wizards
  A centaur skeleton (D:12)
  An iguana (D:13)
  A bullfrog simulacrum (D:13)
  3 gnolls (D:11)
  5 white imps
  3 orcs
  2 fungi (Lair:5)
  4 plants
130 creatures vanquished.

Vanquished Creatures (others)
  An orc knight (D:11)
  An orc sorcerer (D:14)
  A polar bear (D:13)
  7 orc warriors
  A hog (D:8)
  10 orc wizards
  A hell hound (Lair:6)
  3 orc priests
  A hound zombie (D:11)
  An ooze (D:4)
  19 orcs
  A fungus (Lair:6)
47 creatures vanquished.

Grand Total: 796 creatures vanquished

Notes
Turn   | Place    | Note
-------+----------+-------------------------------------------
     0 | D:1      | sauken the Hill Orc Monk began the quest for the Orb.
     0 | D:1      | Reached XP level 1. HP: 19/19 MP: 1/1
    57 | D:1      | HP: 5/20 [goblin/+0 dagger (2)]
    76 | D:1      | Reached XP level 2. HP: 8/27 MP: 2/2
    79 | D:1      | HP: 5/27 [hobgoblin/+0 club (4)]
   421 | D:1      | Reached skill level 4 in Fighting
   431 | D:1      | Reached skill level 4 in Long Blades
   467 | D:1      | Reached XP level 3. HP: 26/33 MP: 3/3
   784 | D:1      | Reached skill level 1 in Armour
  1086 | D:2      | Reached XP level 4. HP: 35/40 MP: 4/4
  1168 | D:2      | Found a runed translucent door.
  1169 | D:2      | Noticed Crazy Yiuf
  1391 | D:2      | Found a sparkling altar of Nemelex Xobeh.
  1391 | D:2      | Found a blossoming altar of Fedhas.
  1392 | D:2      | Found a basalt altar of Yredelemnul.
  1749 | D:2      | Found a stormy altar of Qazlal.
  1782 | D:2      | Found a snail-covered altar of Cheibriados.
  2205 | D:3      | Gained mutation: You are weak. (Str -2) [potion of
                  | mutation]
  2205 | D:3      | Gained mutation: Your mind is acute. (Int +2) [potion of
                  | mutation]
  2205 | D:3      | Gained mutation: You have a pair of small horns on your
                  | head. [potion of mutation]
  2235 | D:3      | Noticed Natasha
  2417 | D:3      | Killed Natasha
  2417 | D:3      | Reached skill level 5 in Long Blades
  2417 | D:3      | Reached XP level 5. HP: 29/47 MP: 5/5
  2470 | D:3      | Found a hazy altar of Hepliaklqana.
  2531 | D:3      | Reached skill level 2 in Armour
  2531 | D:3      | Reached skill level 1 in Shields
  2979 | D:3      | Noticed Natasha
  2986 | D:3      | Killed Natasha
  2992 | D:3      | Noticed Natasha
  3006 | D:3      | Killed Natasha
  3267 | D:4      | Noticed an ogre
  3270 | D:4      | Killed an ogre
  3270 | D:4      | Reached skill level 5 in Fighting
  3270 | D:4      | Reached XP level 6. HP: 56/56 MP: 6/6
  3437 | D:4      | Noticed a slave
  3437 | D:4      | Noticed Pikel
  3438 | D:4      | Noticed a slave
  3438 | D:4      | Noticed a slave
  3440 | D:4      | Noticed a slave
  3479 | D:4      | Killed Pikel
  3479 | D:4      | Reached skill level 6 in Long Blades
  3479 | D:4      | Reached skill level 3 in Armour
  3479 | D:4      | Reached skill level 3 in Shields
  3479 | D:4      | Reached XP level 7. HP: 52/62 MP: 7/7
  3933 | D:4      | Noticed Eustachio
  3950 | D:4      | Killed Eustachio
  3950 | D:4      | Reached skill level 6 in Fighting
  3950 | D:4      | Reached skill level 7 in Long Blades
  3950 | D:4      | Reached skill level 4 in Armour
  3950 | D:4      | Reached XP level 8. HP: 47/70 MP: 8/8
  4133 | D:5      | Entered Level 5 of the Dungeon
  4148 | D:5      | Found Imoogiex's Food Emporium.
  4193 | D:5      | Found Gehas's Assorted Antiques.
  4385 | D:5      | Found Fuen's Food Emporium.
  4394 | D:5      | Found Lale Bym's Antique Armour Emporium.
  4411 | D:5      | Bought a slimy scale mail for 207 gold pieces
  4421 | D:5      | Identified the +0 scale mail "Amaffoc" {Regen+ MP-9 Str+2
                  | Dex+4} (You bought it in a shop on level 5 of the Dungeon)
  4469 | D:5      | Got a warped ring mail
  4551 | D:5      | Identified the +4 ring mail "Fypsius" {rF++ Dex+4 Stlth-}
                  | (You found it on level 5 of the Dungeon)
  5004 | D:6      | Found a staircase to the Ecumenical Temple.
  5107 | D:6      | Reached skill level 4 in Shields
  5193 | D:6      | Got an ivory broad axe
  5194 | D:6      | Identified the +8 broad axe of the Jester {chaos, +Inv}
                  | (You found it on level 6 of the Dungeon)
  5214 | Temple   | Entered the Ecumenical Temple
  5315 | D:6      | Found an ornate altar of the Wu Jian Council.
  5438 | D:6      | Reached skill level 2 in Axes
  5526 | D:7      | Reached skill level 3 in Axes
  5538 | D:7      | Reached skill level 4 in Axes
  5540 | D:7      | Reached skill level 5 in Axes
  5613 | D:7      | Reached skill level 6 in Axes
  5628 | D:7      | Found an opulent altar of Gozag.
  5633 | D:7      | Found Sazela's Gadget Shoppe.
  5673 | D:7      | Found a flagged portal.
  5817 | Bailey   | Entered a bailey
  5826 | Bailey   | Reached XP level 9. HP: 78/78 MP: 9/9
  5829 | Bailey   | Reached skill level 7 in Axes
  6022 | Bailey   | Reached skill level 8 in Axes
  6110 | Bailey   | Reached skill level 9 in Axes
  6287 | Bailey   | Reached skill level 10 in Axes
  6529 | D:7      | Reached skill level 11 in Axes
  6681 | D:2      | Killed Crazy Yiuf
  7222 | D:7      | Became a worshipper of Beogh the Brigand
  7222 | D:7      | Reached * piety under Beogh
  7222 | D:7      | Reached ** piety under Beogh
  7339 | D:8      | Found Wuodanwud's Book Shoppe.
  7346 | D:8      | Reached skill level 12 in Axes
  7385 | D:8      | Reached XP level 10. HP: 84/84 MP: 10/10
  7514 | D:8      | Noticed Maurice
  7545 | D:8      | Killed Maurice
  7545 | D:8      | Reached skill level 13 in Axes
  7923 | D:8      | Found Wyuri's Magic Scroll Emporium.
  7925 | D:8      | Found Kenyogof's Armour Shoppe.
  8220 | D:9      | Reached skill level 14 in Axes
  8371 | D:9      | Found a hide-covered altar of Uskayaw.
  8379 | D:9      | Found a sacrificial altar of Ru.
  8429 | D:9      | Reached skill level 7 in Fighting
  8429 | D:9      | Reached skill level 3 in Dodging
  8750 | D:9      | Noticed Psyche
  8752 | D:9      | Killed Psyche
  8767 | D:9      | Noticed a two-headed ogre
  8773 | D:9      | Killed a two-headed ogre
  8773 | D:9      | Reached skill level 8 in Fighting
  8773 | D:9      | Reached skill level 4 in Dodging
  8795 | D:9      | Reached *** piety under Beogh
  8804 | D:9      | Found a staircase to the Orcish Mines.
  8924 | D:9      | Noticed Erolcha
  8925 | D:9      | Paralysed by Erolcha for 3 turns
  8941 | D:9      | Reached XP level 11. HP: 90/94 MP: 8/11
  8944 | D:9      | Killed Erolcha
  8944 | D:9      | Reached skill level 3 in Evocations
  9149 | D:10     | Entered Level 10 of the Dungeon
  9220 | D:10     | Reached skill level 4 in Evocations
  9249 | D:10     | Reached skill level 1 in Invocations
  9460 | D:10     | Found a staircase to the Lair.
  9801 | D:8      | Bought the +5 scale mail of Creativity {rElec Str+4} for
                  | 514 gold pieces
 10022 | D:10     | Reached skill level 3 in Invocations
 10271 | D:10     | Reached skill level 4 in Invocations
 10549 | D:11     | Noticed a two-headed ogre
 10558 | D:11     | Killed a two-headed ogre
 10558 | D:11     | Reached skill level 6 in Invocations
 10820 | D:11     | Reached skill level 7 in Invocations
 10842 | D:11     | Found Kyika Yqeuho's Gadget Boutique.
 11117 | D:11     | Reached skill level 5 in Armour
 11201 | D:11     | Noticed a brown ugly thing
 11202 | D:11     | Noticed a brown ugly thing
 11211 | D:11     | Killed a brown ugly thing
 11211 | D:11     | Reached **** piety under Beogh
 11215 | D:11     | Killed a purple ugly thing
 11296 | D:11     | Noticed a two-headed ogre
 11302 | D:11     | Killed a two-headed ogre
 11302 | D:11     | Reached skill level 9 in Fighting
 11302 | D:11     | Reached skill level 5 in Dodging
 11313 | D:11     | Noticed a two-headed ogre
 11319 | D:11     | Killed a two-headed ogre
 11319 | D:11     | Reached skill level 6 in Armour
 11319 | D:11     | Reached XP level 12. HP: 104/104 MP: 17/17
 11410 | D:11     | HP: 22/106 [something (8)]
 11565 | D:11     | Noticed a death yak
 11565 | D:11     | Noticed a death yak
 11569 | D:11     | HP: 26/106 [yaktaur (11)]
 11574 | D:11     | HP: 18/106 [electric eel/bolt of electricity (2)]
 12011 | D:11     | Reached skill level 7 in Armour
 12016 | D:11     | Reached skill level 10 in Fighting
 12500 | D:11     | Reached skill level 6 in Dodging
 12513 | D:11     | Noticed a minotaur
 12513 | D:11     | Noticed a death yak
 12522 | D:11     | Noticed a minotaur
 12526 | D:11     | Noticed a death yak
 12532 | D:11     | Killed a death yak
 12533 | D:11     | a death yak changed into a glowing shapeshifter
 12539 | D:11     | Killed a minotaur
 12543 | D:11     | Killed a minotaur
 12543 | D:11     | Reached skill level 8 in Armour
 12544 | D:11     | Killed a death yak
 12545 | D:11     | Killed a death yak
 12545 | D:11     | Reached skill level 11 in Fighting
 12557 | D:11     | Reached skill level 7 in Dodging
 13488 | D:8      | Bought a +1 cloak of magic resistance for 165 gold pieces
 13541 | Lair:1   | Entered Level 1 of the Lair of Beasts
 13798 | Lair:1   | Learned a level 2 spell: Blink
 13905 | Lair:1   | Identified the Tome of Flames
 13931 | Lair:1   | Gained Korbok as an ally
 13931 | Lair:1   | Reached skill level 1 in Throwing
 13939 | Lair:1   | Reached XP level 13. HP: 105/116 MP: 18/18
 13945 | Lair:1   | Reached skill level 2 in Throwing
 14427 | Lair:1   | Noticed Erica
 14453 | Lair:1   | Killed Erica
 14453 | Lair:1   | Reached skill level 15 in Axes
 14453 | Lair:1   | Reached skill level 3 in Throwing
 14857 | Lair:2   | Reached skill level 4 in Throwing
 14896 | Lair:2   | Reached skill level 12 in Fighting
 15089 | D:5      | Bought a pair of boots for 153 gold pieces
 15636 | Lair:2   | Reached ***** piety under Beogh
 15710 | Lair:2   | Reached skill level 5 in Throwing
 16187 | Lair:2   | Found a staircase to the Shoals.
 16428 | Lair:3   | Noticed Rupert
 16433 | Lair:3   | Killed Rupert
 16433 | Lair:3   | Reached skill level 6 in Throwing
 16439 | Lair:3   | Found a staircase to the Snake Pit.
 17289 | Lair:4   | Reached skill level 7 in Throwing
 17438 | Lair:4   | Reached skill level 16 in Axes
 17517 | Lair:4   | Reached skill level 13 in Fighting
 17578 | Lair:4   | Got a pair of ichor-stained boots
 17589 | Lair:4   | Identified the +2 pair of boots of Zodimaf {+Fly Str+4}
                  | (You found it on level 4 of the Lair of Beasts)
 17625 | Lair:4   | Noticed Sonja
 17629 | Lair:4   | Killed Sonja
 17869 | Lair:4   | Noticed an ice dragon
 18576 | Lair:4   | Killed an ice dragon
 18576 | Lair:4   | Reached skill level 8 in Throwing
 19021 | Lair:5   | Found a staircase to the Slime Pits.
 19124 | Lair:5   | Reached XP level 14. HP: 129/129 MP: 19/19
 20076 | Lair:6   | Entered Level 6 of the Lair of Beasts
 20099 | Lair:6   | Found a gate leading to a gauntlet.
 20116 | Gauntlet | Entered a Gauntlet
 20116 | Gauntlet | Found a transporter.
 20116 | Gauntlet | Found a transporter.
 20138 | Gauntlet | Found a transporter.
 20139 | Gauntlet | Found a transporter.
 20139 | Gauntlet | Found a transporter.
 20139 | Gauntlet | Found a transporter.
 20158 | Gauntlet | Found a runed translucent door.
 20174 | Gauntlet | Found a transporter.
 20178 | Gauntlet | Found a transporter.
 20188 | Gauntlet | Found a transporter.
 20202 | Gauntlet | Found a transporter.
 20219 | Gauntlet | Found a transporter.
 20220 | Gauntlet | Found a transporter.
 20292 | Gauntlet | Reached skill level 9 in Throwing
 20596 | Gauntlet | Got a polished hat
 20607 | Gauntlet | Identified the +1 hat of the Wasteland {*Drain rPois Str+3
                  | Dex+4} (You found it in a Gauntlet)
 20798 | Gauntlet | Found the +5 robe of Night {Dark MR+ SInv}
 20818 | Gauntlet | Identified Muadion's Reference Book on the Compass and
                  | Malediction
 20863 | Gauntlet | Got a transparent leather armour
 20874 | Gauntlet | Identified the +4 leather armour of the Hot Ocelot {Str+5}
                  | (You found it in a Gauntlet)
 21009 | Lair:6   | Found an ancient bone altar of Kikubaaqudgha.
 21087 | Lair:6   | Reached skill level 14 in Fighting
 21239 | Lair:6   | Reached skill level 10 in Throwing
 21241 | Lair:6   | Reached skill level 17 in Axes
 21385 | Lair:6   | Found a large runed translucent door.
 21387 | Lair:6   | Found a large runed translucent door.
 22177 | Lair:6   | Reached skill level 11 in Throwing
 22198 | Lair:6   | Reached ****** piety under Beogh
 23364 | D:12     | Killed a ghost moth
 23372 | D:12     | Reached XP level 15. HP: 103/139 MP: 13/20
 23374 | D:12     | Gained Hawl as an ally
 23751 | D:12     | Noticed Kirke
 23761 | D:12     | Killed Kirke
 23761 | D:12     | Reached skill level 9 in Armour
 24122 | D:13     | Reached skill level 18 in Axes
 24219 | D:13     | Found a gate to the Vaults.
 24226 | D:13     | Reached skill level 12 in Throwing
 24243 | D:13     | Gained Zartorak as an ally
 24411 | D:13     | Found a frozen archway.
 24431 | IceCv    | Entered an ice cave
 24774 | IceCv    | Gained Gorbash as an ally
 24938 | IceCv    | Gained Arbeogh as an ally
 24944 | IceCv    | Reached skill level 8 in Dodging
 24986 | IceCv    | Noticed a frost giant
 24992 | IceCv    | Reached skill level 10 in Armour
 24994 | IceCv    | Killed a frost giant
 24998 | IceCv    | Gained Bogmar as an ally
 25416 | D:12     | Learned a level 3 spell: Lesser Beckoning
 25665 | Orc:1    | Entered Level 1 of the Orcish Mines
 25914 | Orc:1    | Gained Horkud as an ally
 25918 | Orc:1    | Reached skill level 1 in Translocations
 25920 | Orc:1    | Reached skill level 1 in Spellcasting
 26179 | Orc:2    | Entered Level 2 of the Orcish Mines
 26196 | Orc:2    | Found a roughly hewn altar of Beogh.
 26262 | Orc:2    | Noticed Urug
 26448 | Orc:2    | Found a staircase to the Elven Halls.
 26448 | Orc:2    | Noticed Azrael
 26460 | Orc:2    | Killed Urug
 26461 | Orc:2    | Killed Azrael
 26469 | Orc:2    | Reached skill level 5 in Shields
 26483 | Orc:2    | Reached skill level 2 in Translocations
 27043 | Orc:2    | Noticed an orc warlord
 27046 | Orc:2    | Gained Bogbarth as an ally
 27049 | Orc:2    | Your ally Bogbarth died
 27054 | Orc:2    | Killed an orc warlord
 27054 | Orc:2    | Reached skill level 2 in Spellcasting
 27397 | Orc:2    | Gained Dorog as an ally
 27545 | Orc:2    | Found Athreo's Book Shoppe.
 27556 | Orc:2    | Found an ancient bone altar of Kikubaaqudgha.
 27576 | Orc:2    | Reached XP level 16. HP: 147/147 MP: 21/21
 27579 | Orc:2    | Found a radiant altar of Vehumet.
 27581 | Orc:2    | Gained Bogdan as an ally
 27605 | Orc:2    | Found a roughly hewn altar of Beogh.
 27605 | Orc:2    | Found Xuetea's Distillery.
 27606 | Orc:2    | Found Edghaiq's Antique Armour Emporium.
 27634 | Orc:2    | Bought a potion of heal wounds for 65 gold pieces
 27634 | Orc:2    | Bought 2 potions of might for 104 gold pieces
 27634 | Orc:2    | Bought 2 potions of mutation for 208 gold pieces
 27634 | Orc:2    | Lost mutation: You have a pair of small horns on your head.
                  | [potion of mutation]
 27634 | Orc:2    | Lost mutation: You are weak. (Str -2) [potion of mutation]
 27634 | Orc:2    | Lost mutation: Your mind is acute. (Int +2) [potion of
                  | mutation]
 27634 | Orc:2    | Gained mutation: Your spells are a little easier to cast,
                  | but a little less powerful. [potion of mutation]
 27634 | Orc:2    | Gained mutation: You have a pair of small horns on your
                  | head. [potion of mutation]
 27634 | Orc:2    | Gained mutation: You passively map a small area around you.
                  | [potion of mutation]
 27634 | Orc:2    | Gained mutation: You are robust. (+10% HP) [potion of
                  | mutation]
 27635 | Orc:2    | Bought a potion of haste for 130 gold pieces
 27635 | Orc:2    | Bought a potion of mutation for 104 gold pieces
 27658 | Orc:2    | Found Adwuh's Distillery.
 27930 | D:5      | Bought a faintly glowing scale mail for 306 gold pieces
 27940 | D:5      | Identified the cursed +0 scale mail of Fortification
                  | {Str+3} (You bought it in a shop on level 5 of the Dungeon)
 27949 | D:5      | Bought a scroll of blinking for 255 gold pieces
 27949 | D:5      | Bought an amethyst potion for 30 gold pieces
 27950 | D:5      | Reached skill level 6 in Shields
 27950 | D:5      | Reached skill level 3 in Spellcasting
 27950 | D:5      | Reached skill level 3 in Translocations
 27950 | D:5      | Reached XP level 17. HP: 169/169 MP: 22/22
 28595 | D:13     | Reached skill level 4 in Translocations
 29048 | D:14     | Reached skill level 7 in Shields
 29118 | D:14     | Found a flickering gateway to a bazaar.
 29129 | Bazaar   | Entered a bazaar
 29154 | Bazaar   | Found Vijuschia's Book Shoppe.
 29195 | Bazaar   | Found Cucryb's Armour Boutique.
 29199 | Bazaar   | Bought a scarf of repulsion for 96 gold pieces
 29212 | Bazaar   | Found Kihyb's Magic Scroll Shoppe.
 29227 | Bazaar   | Found Mestuev's Magic Scroll Shoppe.
 29269 | Bazaar   | Bought a scroll of enchant armour for 75 gold pieces
 29283 | Bazaar   | Bought a scroll of identify for 30 gold pieces
 29283 | Bazaar   | Bought a scroll of magic mapping for 52 gold pieces
 29283 | Bazaar   | Bought a scroll of enchant armour for 112 gold pieces
 29283 | Bazaar   | Bought a scroll of identify for 30 gold pieces
 29645 | D:14     | Learned a level 3 spell: Gell's Gravitas
 29648 | D:14     | Learned a level 2 spell: Shroud of Golubria
 29749 | D:14     | Noticed an iron giant
 29752 | D:14     | Noticed a juggernaut
 29752 | D:14     | an iron giant changed into a juggernaut
 29756 | D:14     | Noticed a shard shrike
 29756 | D:14     | a juggernaut changed into a shard shrike
 29763 | D:14     | HP: 4/169 [shard shrike (shapeshifter)/shard of ice (57)]
 29764 | D:14     | Slain by a shard shrike (shapeshifter)

Levels and vault maps discovered:
D:1:      mainiacjoe_arrival_reflecting_pool, layout_basic
D:2:      layout_loops_corners, overflow_temple_1_default,
          gammafunk_temple_overflow_forgotten, kennysheep_slug_shrine,
          uniq_crazy_yiuf_cottage
D:3:      layout_basic, overflow_temple_1_default, uniq_natasha
D:4:      layout_basic, grunt_decor_mini_mirrors, uniq_eustachio, uniq_pikel
D:5:      layout_loops_cross, first_ration, serial_shops, shop, shop,
          nicolae_shop_crystal, shop
D:6:      layout_loops_cross, kennysheep_little_box,
          minmay_temple_entry_drinking_statues
D:7:      layout_loops_ring, kennysheep_mini, serial_shops, shop, enter_bailey_3
D:8:      layout_cave_pods, serial_shops, shop, shop_coins, shop_statue,
          grunt_livestock, uniq_maurice
D:9:      layout_irregular_city, chequers_temple_overflow_statue_of_worship,
          minmay_orc_keep, uniq_erolcha, uniq_psyche
D:10:     layout_loops_corners, erik_lair_island, minmay_misc_feat_nine_boxes
D:11:     fort_yaktaur, layout_loops_corners, serial_shops, shop
D:12:     layout_big_octagon, nrook_uturn, drop_trap, uniq_kirke
D:13:     layout_long_grid, erik_vaults_2, serial_ice, serial_ice_a,
          serial_ice_o, serial_ice_g, serial_ice_j, serial_ice_d, serial_ice_e,
          serial_ice_m, portal_ice_cave_entry_imps, minmay_increasing_density
D:14:     layout_gridville, serial_shops, freezing_bzr, minivault_16
Temple:   dshaligram_water_room_temple
Lair:1:   layout_cave_pods, infiniplex_staircase_pool, grunt_megastairs_3,
          lemuel_fruit_tree, minmay_lair_oklob_chamber, uniq_erica
Lair:2:   layout_long_grid, elwin_shoals_entry_rooms,
          nicolae_quartered_pool_super, grunt_megastairs_5
Lair:3:   layout_cave_pods, minmay_snake_entry_guardpost_small,
          grunt_megastairs_1, uniq_rupert
Lair:4:   layout_gridlike, bobbens_ice_dragon_lair, uniq_sonja
Lair:5:   layout_concentric_octagons, minmay_slime_entry_oklob_open,
          kennysheep_catoblepas_arena
Lair:6:   cheibrodos_lair_end_hotspot, layout_gridlike, gauntlet_entry_generic,
          enter_volcano_2, basic_altar
Orc:1:    layout_caves
Orc:2:    kennysheep_orc_mage_school, layout_diamond_mine, basic_altar,
          uniq_azrael, uniq_urug

Skill      XL: |  1  2  3  4  5  6  7  8  9 10 11 12 13 14 15 16 17 |
---------------+----------------------------------------------------+-----
Fighting       | 4 5 6 8 9 11 13 14 | 14.9
Long Blades    | 4 5 6 7 |  7.7
Armour         | 1 2 3 4 6 8 10 | 10.1
Shields        | 1 3 4 5 6 7 |  7.1
Axes           | 6 12 14 16 17 18 | 18.5
Dodging        | 4 5 7 8 |  8.1
Evocations     | 4 |  4.5
Invocations    | 7 |  7.1
Throwing       | 1 8 11 12 | 12.5
Translocations | 2 3 4 |  4.2
Spellcasting   | 2 3 |  3.8
Stealth        | |  1.5

Action                   |  1- 3 |  4- 6 |  7- 9 | 10-12 | 13-15 | 16-18 || total
-------------------------+-------+-------+-------+-------+-------+-------++-------
Melee: Falchion          |   107 |   173 |    95 |       |       |       ||   375
       Headbutt          |       |    18 |    66 |    98 |   214 |    23 ||   419
       Broad axe         |       |       |   160 |   327 |   687 |    52 ||  1226
       Scimitar          |       |       |       |       |    14 |       ||    14
Throw: Dart              |       |       |       |       |     8 |       ||     8
       Javelin           |       |       |       |       |    69 |     8 ||    77
 Cast: Lesser Beckoning  |       |       |       |       |       |     6 ||     6
       Blink             |       |       |       |       |       |     4 ||     4
Invok: Convert to Beogh  |       |       |     1 |       |       |       ||     1
       Recall Orcish Fol |       |       |       |     6 |    13 |     5 ||    24
       Smiting           |       |       |       |     3 |     5 |     1 ||     9
       Stop Recall       |       |       |       |     1 |     1 |     4 ||     6
       Give Item to Name |       |       |       |       |     1 |       ||     1
       Resurrection      |       |       |       |       |     1 |       ||     1
 Abil: Evoke Invisibilit |       |       |       |     1 |     1 |       ||     2
Evoke: Wand              |       |     3 |     1 |     5 |    18 |     1 ||    28
  Use: Scroll            |       |     7 |     7 |     9 |    14 |     2 ||    39
       Potion            |       |     3 |       |     5 |     3 |     2 ||    13
 Stab: Sleeping          |     2 |       |       |       |       |       ||     2
       Confused          |       |       |     4 |     3 |     3 |       ||    10
       Paralysed         |       |       |     2 |     3 |     4 |       ||     9
       Petrifying        |       |       |     1 |       |     2 |       ||     3
       Invisible         |       |       |       |     2 |       |       ||     2
       Petrified         |       |       |       |       |     4 |       ||     4
       Distracted        |       |       |       |       |     7 |     1 ||     8
  Eat: Chunk             |       |     4 |    10 |     6 |    12 |       ||    32
       Ration            |       |     1 |     2 |     4 |     9 |     3 ||    19
Armor: Robe              |     4 |       |       |       |       |       ||     4
       Chain mail        |    59 |    76 |    37 |       |       |       ||   172
       Skin              |       |    28 |       |       |       |       ||    28
       Ring mail         |       |       |    76 |    49 |    55 |       ||   180
       Scale mail        |       |       |     5 |    85 |   225 |    19 ||   334
Dodge: Dodged            |    53 |    61 |   128 |   175 |   430 |    22 ||   869
Block: Buckler           |       |    23 |    82 |    68 |   189 |    13 ||   375
       Rpst.: Falchion   |    19 |    20 |    10 |       |       |       ||    49

Table legend:
 A = Non-vault XP
 B = Vault XP
 C = Vault XP percentage of total XP
 D = Non-vault monster count
 E = Vault monster count
 F = Vault count percentage of total count
                 A         B        C        D         E       F
            +---------+---------+-------+---------+---------+-------
      Total |   65725 |   70039 |  51.6 |     458 |     280 |  37.9
            +---------+---------+-------+---------+---------+-------
        D:1 |      74 |       0 |   0.0 |      35 |       0 |   0.0
        D:2 |      58 |      45 |  43.7 |      18 |       2 |  10.0
        D:3 |     141 |      35 |  19.9 |      19 |       1 |   5.0
        D:4 |     139 |     814 |  85.4 |       7 |       2 |  22.2
        D:5 |     303 |       0 |   0.0 |      18 |       0 |   0.0
        D:6 |     226 |       0 |   0.0 |       4 |       0 |   0.0
        D:7 |    1488 |       8 |   0.5 |      34 |       4 |  10.5
        D:8 |     678 |    1388 |  67.2 |      14 |       7 |  33.3
        D:9 |    2053 |    1626 |  44.2 |      18 |      11 |  37.9
       D:10 |    1278 |     779 |  37.9 |      15 |       9 |  37.5
       D:11 |    7807 |   10591 |  57.6 |      43 |      34 |  44.2
       D:12 |    9919 |    2206 |  18.2 |      50 |       5 |   9.1
       D:13 |    5849 |    9104 |  60.9 |      30 |      33 |  52.4
       D:14 |    1448 |     390 |  21.2 |       7 |       1 |  12.5
     Lair:1 |    2656 |    1076 |  28.8 |      12 |       2 |  14.3
     Lair:2 |    4241 |     700 |  14.2 |      17 |       4 |  19.0
     Lair:3 |    3372 |    4142 |  55.1 |      16 |       9 |  36.0
     Lair:4 |    4598 |    1487 |  24.4 |      23 |       5 |  17.9
     Lair:5 |    2669 |    1582 |  37.2 |      13 |       3 |  18.8
     Lair:6 |   11238 |    6969 |  38.3 |      38 |      28 |  42.4
      Orc:1 |    1576 |       0 |   0.0 |      10 |       0 |   0.0
      Orc:2 |    3914 |    6610 |  62.8 |      17 |      20 |  54.1
     Bailey |       0 |    1146 | 100.0 |       0 |      30 | 100.0
      IceCv |       0 |   13451 | 100.0 |       0 |      54 | 100.0
   Gauntlet |       0 |    5890 | 100.0 |       0 |      16 | 100.0
            +---------+---------+-------+---------+---------+-------

Levels and vault maps discovered:
D:1:      mainiacjoe_arrival_reflecting_pool, layout_basic
D:2:      layout_loops_corners, overflow_temple_1_default,
          gammafunk_temple_overflow_forgotten, kennysheep_slug_shrine,
          uniq_crazy_yiuf_cottage
D:3:      layout_basic, overflow_temple_1_default, uniq_natasha
D:4:      layout_basic, grunt_decor_mini_mirrors, uniq_eustachio, uniq_pikel
D:5:      layout_loops_cross, first_ration, serial_shops, shop, shop,
          nicolae_shop_crystal, shop
D:6:      layout_loops_cross, kennysheep_little_box,
          minmay_temple_entry_drinking_statues
D:7:      layout_loops_ring, kennysheep_mini, serial_shops, shop, enter_bailey_3
D:8:      layout_cave_pods, serial_shops, shop, shop_coins, shop_statue,
          grunt_livestock, uniq_maurice
D:9:      layout_irregular_city, chequers_temple_overflow_statue_of_worship,
          minmay_orc_keep, uniq_erolcha, uniq_psyche
D:10:     layout_loops_corners, erik_lair_island, minmay_misc_feat_nine_boxes
D:11:     fort_yaktaur, layout_loops_corners, serial_shops, shop
D:12:     layout_big_octagon, nrook_uturn, drop_trap, uniq_kirke
D:13:     layout_long_grid, erik_vaults_2, serial_ice, serial_ice_a,
          serial_ice_o, serial_ice_g, serial_ice_j, serial_ice_d, serial_ice_e,
          serial_ice_m, portal_ice_cave_entry_imps, minmay_increasing_density
D:14:     layout_gridville, serial_shops, freezing_bzr, minivault_16
Temple:   dshaligram_water_room_temple
Lair:1:   layout_cave_pods, infiniplex_staircase_pool, grunt_megastairs_3,
          lemuel_fruit_tree, minmay_lair_oklob_chamber, uniq_erica
Lair:2:   layout_long_grid, elwin_shoals_entry_rooms,
          nicolae_quartered_pool_super, grunt_megastairs_5
Lair:3:   layout_cave_pods, minmay_snake_entry_guardpost_small,
          grunt_megastairs_1, uniq_rupert
Lair:4:   layout_gridlike, bobbens_ice_dragon_lair, uniq_sonja
Lair:5:   layout_concentric_octagons, minmay_slime_entry_oklob_open,
          kennysheep_catoblepas_arena
Lair:6:   cheibrodos_lair_end_hotspot, layout_gridlike, gauntlet_entry_generic,
          enter_volcano_2, basic_altar
Orc:1:    layout_caves
Orc:2:    kennysheep_orc_mage_school, layout_diamond_mine, basic_altar,
          uniq_azrael, uniq_urug

Table legend:
 A = Turns spent in this place as a percentage of turns spent in the entire game.
 B = Non-inter-level travel turns spent in this place as a percentage of non-inter-level travel turns spent in the entire game.
 C = Inter-level travel turns spent in this place as a percentage of turns spent in this place.
 D = Turns resting spent in this place as a percentage of non-inter-level travel turns spent in this place.
 E = Turns spent auto-exploring this place as a percentage of non-inter-level travel turns spent in this place.
 F = Non-inter-level travel turns spent in this place divided by the number of levels of this place that you've seen.
                   A       B       C       D       E      F
               +-------+-------+-------+-------+-------+----------------------
         Total | 100.0 | 100.0 |   8.8 |  27.9 |  45.7 | 1004.8
       Dungeon |  57.3 |  55.7 |  11.3 |  26.9 |  48.0 | 1079.9
        Temple |   0.3 |   0.3 |  21.1 |   0.0 |  92.0 |  75.0
          Lair |  26.9 |  27.3 |   7.7 |  25.6 |  51.2 | 1232.3
  Orcish Mines |   7.3 |   7.7 |   3.1 |  43.7 |  34.0 | 1047.5
        Bazaar |   0.6 |   0.6 |   0.0 |   0.0 |  56.3 | 174.0
        Bailey |   2.0 |   2.2 |   0.0 |  32.0 |  22.8 | 591.0
      Ice Cave |   2.9 |   3.2 |   0.0 |  18.8 |  31.1 | 855.0
      Gauntlet |   2.8 |   3.1 |   0.0 |  42.5 |   9.3 | 828.0
               +-------+-------+-------+-------+-------+----------------------

Table legend:
 A = Kills in this place as a percentage of kills in entire the game.
 B = Kills by you in this place as a percentage of kills by you in the entire game.
 C = Kills by friends in this place as a percentage of kills by friends in the entire game.
 D = Other kills in this place as a percentage of other kills in the entire game.
 E = Experience gained in this place as a percentage of experience gained in the entire game.
 F = Experience gained in this place divided by the number of levels of this place that you have seen.
                   A       B       C       D       E      F
               +-------+-------+-------+-------+-------+----------------------
         Total | 100.0 | 100.0 | 100.0 | 100.0 | 100.0 | 5028.3
       Dungeon |  57.0 |  61.0 |  37.9 |  50.0 |  43.1 | 4174.8
          Lair |  23.0 |  18.9 |  43.5 |  25.0 |  32.9 | 7455.0
  Orcish Mines |   6.4 |   5.1 |  12.9 |   0.0 |   8.9 | 6050.0
        Bailey |   4.1 |   4.8 |   0.0 |  25.0 |   0.8 | 1146.0
      Ice Cave |   7.3 |   7.7 |   5.6 |   0.0 |   9.9 | 13451.0
      Gauntlet |   2.2 |   2.6 |   0.0 |   0.0 |   4.3 | 5890.0
               +-------+-------+-------+-------+-------+----------------------
